 Dungeon Crawl Stone Soup version 0.29.0-7-g18a832c13a (webtiles) character file.

Game seed: 12375868709501495974

108661 inmateoo the Impaler (level 16, -8/110 (114) HPs)
             Began as a Demonspawn Gladiator on Aug 31, 2022.
             Was the Champion of Hepliaklqana.
             Mangled by a pharaoh ant (21 damage)
             ... on level 2 of the Spider Nest.
             The game lasted 00:24:56 (20065 turns).

inmateoo the Impaler (Demonspawn Gladiator)        Turns: 20065, Time: 00:24:57

HP:   -8/110 (114)  AC: 27    Str: 25      XL:     16   Next: 3%
MP:   8/8           EV: 15    Int: 12 (14) God:    Hepliaklqana [******]
Gold: 863           SH: 21    Dex: 17      Spells: 15/15 levels left

rFire   . . .      SeeInvis .   N - +12 trident "Sovor" {antimagic, rN+}
rCold   + . .      Faith    .   G - +2 tower shield
rNeg    + . .      Spirit   .   E - +2 troll leather armour of the Vestibule of Hell {Regen+ Str+5 Slay+2}
rPois   +          Reflect  .   P - +2 hat
rElec   +          Harm     .   w - +1 cloak
rCorr   .          Rampage  .   (gloves unavailable)
Will    ++...                   I - +1 pair of boots
Stlth   ++++......              C - amulet of regeneration
HPRegen 1.88/turn               B - ring of Banerch {rC+ Will+ Int+4}
MPRegen 0.11/turn               g - ring of poison resistance

@: studying 2 skills, lightly drained
A: reduced essence, claws 3, thin metallic scales 3, foul stench 2, icemail 2,
condensation shield
a: Renounce Religion, Recall Ancestor, Ancestor Identity, Transference, Idealise


You were on level 2 of the Spider Nest.
You worshipped Hepliaklqana.
Hepliaklqana was exalted by your worship.
You visited 5 branches of the dungeon, and saw 25 of its levels.
You also visited: Volcano.

You collected 3886 gold pieces.
You spent 3023 gold pieces at shops.

Inventory:

Hand Weapons
 s - a +5 demon trident of protection
 N - the +12 trident "Sovor" (weapon) {antimagic, rN+}
   (You found it on level 13 of the Dungeon)

   It reduces the magical energy of the wielder, and disrupts the spells and
   magical abilities of those it strikes.
   Natural abilities and divine invocations are not affected.
   rN:        It protects you from negative energy.
 W - the +8 trident "Goblinslayer" {vorpal, rPois}
   (You bought it in a shop on level 2 of the Orcish Mines)

   It inflicts extra damage upon your enemies.
   rPois:     It protects you from poison.
Missiles
 d - 5 throwing nets (quivered)
 e - 18 javelins
Armour
 w - a +1 cloak (worn)
 E - the +2 troll leather armour of the Vestibule of Hell (worn) {Regen+ Str+5 Slay+2}
   (You bought it in a shop on level 5 of the Dungeon)

   Str:       It affects your strength (+5).
   Slay:      It affects your accuracy & damage with ranged weapons and melee
   (+2).
   Regen:     It increases your rate of health regeneration.
 G - a +2 tower shield (worn)
 I - a +1 pair of boots (worn)
 O - a +3 chain mail of fire resistance
 P - a +2 hat (worn)
 V - the +1 chain mail of the Hippo {rElec rPois rN++ Str-2}
   (You bought it in a shop on level 2 of the Orcish Mines)

   Str:       It affects your strength (-2).
   rElec:     It insulates you from electricity.
   rPois:     It protects you from poison.
   rN:        It greatly protects you from negative energy.
Jewellery
 c - the macabre finger necklace {rN+}
   (You found it on level 1 of the Lair of Beasts)

   [amulet of nothing]

   It enables you to equip an extra ring.
   rN:        It protects you from negative energy.
 g - a ring of poison resistance (right claw)
 n - a ring of willpower
 B - the ring of Banerch (left claw) {rC+ Will+ Int+4}
   (You found it on level 5 of the Lair of Beasts)

   [ring of willpower]

   Int:       It affects your intelligence (+4).
   rC:        It protects you from cold.
   Will:      It increases your willpower.
 C - an amulet of regeneration (around neck)
 S - a ring of resist corrosion
Wands
 a - a wand of flame (12)
 i - a wand of digging (7)
 m - a wand of mindburst (33)
 z - a wand of polymorph (8)
 F - a wand of charming (17)
 H - a wand of acid (3)
 J - a wand of roots (17)
Scrolls
 b - a scroll of poison
 p - 2 scrolls of fog
 r - 4 scrolls of fear
 u - a scroll of enchant weapon
 v - 3 scrolls of amnesia
 y - 3 scrolls of blinking
 A - 2 scrolls of magic mapping
 D - 7 scrolls of teleportation
 K - 3 scrolls of enchant armour
 M - a scroll of silence
Potions
 f - a potion of berserk rage
 h - 3 potions of ambrosia
 j - 2 potions of flight
 k - 7 potions of cancellation
 l - 6 potions of mutation
 o - 15 potions of curing
 q - 6 potions of heal wounds
 t - 5 potions of haste
 x - 6 potions of lignification
 L - 3 potions of invisibility
 Q - 2 potions of might
 R - 3 potions of magic
 T - a potion of brilliance
Miscellaneous
 U - a phantom mirror


   Skills:
 + Level 12.0 Fighting
 * Level 15.4 Polearms
 - Level 1.7 Throwing
 + Level 11.0 Armour
 + Level 11.2 Dodging
 + Level 7.5 Stealth
 + Level 6.3 Shields
 + Level 13.9 Invocations


You had 15 spell levels left.
You didn't know any spells.
Your spell library contained the following spells:

 Spells                   Type           Power      Damage    Failure   Level
 Conjure Flame            Conj/Fire      0%         6-21      100%        3
 Dazzling Flash           Conj/Hex       0%         N/A       100%        3
 Ignite Poison            Fire/Tmut/Pois 0%         N/A       100%        3
 Portal Projectile        Hex/Tloc       0%         N/A       100%        3
 Tukima's Dance           Hex            0%         N/A       100%        3
 Fulminant Prism          Conj/Hex       0%         3d6       100%        4
 Iskenderun's Mystic Bla  Conj/Tloc      0%         2d3       100%        4
 Olgreb's Toxic Radiance  Pois           0%         N/A       100%        4
 Sticky Flame             Conj/Fire      0%         2d3       100%        4
 Blade Hands              Tmut           0%         N/A       100%        5
 Lee's Rapid Deconstruct  Erth           0%         3d5*      100%        5
 Starburst                Conj/Fire      0%         6d3       100%        6
 Ozocubu's Refrigeration  Ice            0%         4d7       100%        7
 Ignition                 Fire           0%         3d3       100%        8


Dungeon Overview and Level Annotations

Branches:
Dungeon (15/15)            Temple (1/1) D:4            Lair (5/5) D:11
  Swamp (0/4) Lair:3       Spider (2/4) Lair:2        Slime (0/5) Lair:4
    Orc (2/2) D:12            Elf (0/3) Orc:2        Vaults (0/5) D:14
 Depths (0/4) D:15        Volcano (visited)

Altars:
Ashenzari
Dithmenos
Fedhas
Gozag
Hepliaklqana
Kikubaaqudgha
Makhleb
Nemelex Xobeh
Okawaru
Qazlal
Ru
Sif Muna
Trog
Uskayaw
Vehumet
Wu Jian
Xom
Yredelemnul
Jiyva

Shops:
D:5 [!   D:7 (   D:9 (   Orc:2 (:[*

Portals:
Abyss: D:7
Trove: D:10 (give 8 scrolls of blinking)

Annotations:
D:7 2 transporters, diceflayer's ghost, novice DsFi
D:14 exclusion: orange crystal statue
Temple 2 transporters
Spider:1 2 transporters, exclusion: orange crystal statue


Innate Abilities, Weirdness & Mutations

Your life essence is reduced to manifest your ancestor. (-10% HP)
You have claws for hands.
You are completely covered in thin metallic scales. (AC +4, rElec)
You sometimes emit foul miasma when damaged in melee.
A meltable icy envelope protects you from harm. (AC +8)
A meltable shield of frost defends you. (SH +4)


Message History

The pharaoh ant bites you!
You emit a cloud of foul miasma!
You impale the moth of wrath!!
You kill the moth of wrath!
The redback bites you but does no damage.
The culicivora bites you but does no damage.
You block the culicivora's attack. You block the redback's attack.
The culicivora bites you!!
The culicivora draws strength from your injuries!
The pharaoh ant completely misses you.
Nenetl points at the culicivora and mumbles some strange words.
The stone arrow hits the culicivora!!
You block the culicivora's attack.
The culicivora closely misses Nenetl.
The redback bites you!
You emit a cloud of foul miasma!
You puncture the redback!
The redback is moderately wounded.
The culicivora closely misses you.
The redback is engulfed in dark miasma.
The redback is poisoned.
You block the redback's attack.
The culicivora barely misses Nenetl.
The pharaoh ant bites you but does no damage.
You block the culicivora's attack.
Nenetl hits the culicivora with a +0 quarterstaff!!
The culicivora bites Nenetl!
The redback is engulfed in dark miasma.
The redback looks even sicker.
You block the redback's attack.
You closely miss the culicivora. You block the culicivora's attack.
The redback is engulfed in dark miasma.
The redback looks even sicker.
The redback closely misses you.
The culicivora bites Nenetl.
The pharaoh ant bites you!!
* * * LOW HITPOINT WARNING * * *
You partially resist.
You feel drained.
* * * LOW HITPOINT WARNING * * *
The culicivora bites you!
* * * LOW HITPOINT WARNING * * *
The culicivora draws strength from your injuries!
The redback is engulfed in dark miasma.
The redback looks as sick as possible!
You block the redback's attack.
The culicivora bites Nenetl but does no damage.
Nenetl hits the culicivora with a +0 quarterstaff!!
The culicivora dies!
The pharaoh ant bites you!!
You die...

....#####
..#...#...## ##
.^.........###.##
.......#....#...##
#...#..^..^#......
........#s††......
....#..#..@R......
.........Bs†....#.
.#...<....#...#
......#.†.........
.....<.^...#..#...
...........$......
............).....
.......^...#.....
...#...#..<......


You could see the friendly Nenetl the battlemage, a culicivora (berserk), a
pharaoh ant and a redback (berserk, extremely poisoned).

Vanquished Creatures
  Gastronok (Lair:1)
  A ghost moth (Lair:2)
  An orc warlord (Orc:2)
  A spark wasp (Spider:1)
  Snorg (Lair:5)
  6 boulder beetles
  6 hydras
  A centaur warrior (D:13)
  3 two-headed ogres
  A catoblepas (Lair:2)
  2 dancing weapons (D:14)
  An orc high priest (Orc:2)
  4 death yaks
  A vampire mage (D:14)
  9 skeletal warriors
  Amaemon (Lair:2)
  A steelbarb worm (Spider:1)
  A bog body (Lair:3)
  2 orb spiders (Spider:1)
  4 orc knights
  A wizard (D:15)
  4 lindwurms (Lair:3)
  A necromancer (D:15)
  2 deep elf pyromancers
  5 wolf spiders (Spider:1)
  6 ugly things (D:15)
  2 orc sorcerers (Orc:2)
  A manticore (D:15)
  A cyclops (D:15)
  2 moths of wrath
  3 salamanders (Volcano)
  2 naga magi (D:15)
  3 elephants (Lair:5)
  A black mamba (Lair:2)
  A black mamba (shapeshifter) (D:13)
  6 cane toads
  An orange demon (Lair:2)
  A centaur skeleton (D:15)
  2 tengu conjurers
  An unseen horror (shapeshifter) (D:15)
  4 komodo dragons
  2 rime drakes
  2 demonic crawlers
  4 trolls
  4 yaktaurs (D:13)
  A meliai (Lair:2)
  2 polar bears (Lair:5)
  9 tarantellas
  A hornet (D:11)
  Grinder (D:3)
  7 blink frogs
  9 slime creatures
  A centaur simulacrum (D:15)
  A shadow (D:10)
  14 yaks
  4 spriggans (Lair:5)
  A vampire (D:11)
  3 culicivoras
  2 wraiths
  4 wyverns
  A basilisk (Lair:5)
  2 fire bats (Volcano)
  7 redbacks
  3 vampire mosquitoes (D:14)
  4 wargs
  2 swamp worms (Lair:3)
  An acid dragon (D:9)
  A hell hound (Volcano)
  2 water moccasins
  21 orc warriors
  4 black bears
  18 wolves
  2 ogres
  12 centaurs
  3 boggarts (Lair:5)
  A kobold brigand (D:11)
  7 bullfrogs
  A necrophage (D:7)
  A gnoll sergeant (D:9)
  2 scorpions
  6 wights
  25 killer bees
  5 howler monkeys
  An electric eel (Lair:3)
  4 hounds
  A jelly (D:6)
  8 orc priests
  3 iguanas
  17 orc wizards
  2 hell rats (Lair:4)
  18 gnolls
  6 adders
  4 river rats (Lair:4)
  A white imp (D:6)
  An ufetubus (D:4)
  2 worms (D:2)
  3 dart slugs
  51 orcs
  12 ball pythons
  7 bats
  5 endoplasms
  2 giant cockroaches (D:1)
  9 goblins
  5 hobgoblins
  4 jackals (D:3)
  2 quokkas
  2 frilled lizards
  15 kobolds
  8 rats
494 creatures vanquished.

Vanquished Creatures (collateral kills)
  Rupert (Lair:3)
  An entropy weaver (Spider:1)
  A spark wasp (Spider:1)
  8 hydras
  A catoblepas (D:14)
  3 centaur warriors
  Urug (Lair:2)
  9 spriggans (Lair:5)
  A pharaoh ant (Spider:1)
  A skeletal warrior (D:11)
  2 orb spiders
  A lindwurm (Lair:5)
  An orc knight (Orc:2)
  2 orc sorcerers (Orc:2)
  2 manticores (D:15)
  3 wolf spiders
  4 cyclopes
  A salamander (Volcano)
  A moth of wrath (Lair:2)
  3 black mambas
  A naga mage (D:15)
  A torpor snail (Spider:1)
  5 cane toads
  2 centaur skeletons (D:15)
  2 demonic crawlers
  A yaktaur (D:13)
  A komodo dragon (Lair:1)
  A tengu conjurer (D:13)
  4 polar bears
  A troll (D:12)
  3 tarantellas
  4 hornets (Lair:5)
  6 slime creatures
  3 blink frogs
  A meliai zombie (D:15)
  A dream sheep (Lair:5)
  A spriggan (shapeshifter) (D:14)
  A jumping spider (Spider:1)
  2 shadows
  3 culicivoras (Spider:2)
  13 yaks
  Grum (Lair:1)
  A basilisk (Lair:1)
  6 redbacks
  A warg (D:12)
  3 water moccasins
  2 sky beasts (D:6)
  10 orc warriors
  2 black bears (Lair:5)
  2 ogres
  16 wolves
  4 centaurs
  A bullfrog (Lair:1)
  A gnoll sergeant (D:9)
  A kobold brigand (D:6)
  6 wights
  16 killer bees
  4 howler monkeys
  8 orc priests
  4 iguanas
  10 orc wizards
  2 adders (D:6)
  2 river rats (Lair:4)
  2 white imps
  28 orcs
  A training dummy (D:9)
  3 kobolds
  4 rats (Lair:4)
  A butterfly (Lair:4)
246 creatures vanquished.

Vanquished Creatures (others)
  20 battlemagi
  7 fungi
  43 plants
70 creatures vanquished.

Grand Total: 810 creatures vanquished

Notes
Turn   | Place    | Note
-------+----------+-------------------------------------------
     0 | D:1      | inmateoo the Demonspawn Gladiator began the quest for the
                  | Orb.
     0 | D:1      | Reached XP level 1. HP: 16/16 MP: 1/1
   269 | D:1      | Gained mutation: You are partially covered in thin metallic
                  | scales. (AC +2) [demonic ancestry]
   269 | D:1      | Reached XP level 2. HP: 18/22 MP: 2/2
   325 | D:1      | Reached skill level 3 in Polearms
   341 | D:1      | Found a faded altar of an unknown god.
  1004 | D:2      | Found a shadowy altar of Dithmenos.
  1146 | D:2      | Gained mutation: You may rarely emit foul miasma when
                  | damaged in melee. [demonic ancestry]
  1146 | D:2      | Reached XP level 3. HP: 26/28 MP: 3/3
  1214 | D:2      | Reached skill level 1 in Armour
  1575 | D:2      | Gained mutation: You have sharp fingernails. [demonic
                  | ancestry]
  1575 | D:2      | Reached XP level 4. HP: 34/34 MP: 4/4
  1924 | D:3      | Noticed Grinder
  1934 | D:3      | Killed Grinder
  1935 | D:3      | Reached skill level 4 in Polearms
  1935 | D:3      | Reached XP level 5. HP: 14/41 MP: 5/5
  1935 | D:3      | Gained mutation: A meltable shield of frost defends you.
                  | (SH +4) [demonic ancestry]
  1935 | D:3      | Reached XP level 6. HP: 16/47 MP: 6/6
  2568 | D:3      | Found a bloodstained altar of Trog.
  3173 | D:4      | Reached skill level 5 in Polearms
  3446 | D:4      | Found a staircase to the Ecumenical Temple.
  3455 | Temple   | Entered the Ecumenical Temple
  3455 | Temple   | Found a transporter.
  3455 | Temple   | Found a transporter.
  3457 | Temple   | Found a transporter.
  3457 | Temple   | Found a transporter.
  3470 | Temple   | Became a worshipper of Hepliaklqana the Forgotten
  3527 | D:4      | Found an opulent altar of Gozag.
  3632 | D:4      | Reached XP level 7. HP: 47/53 MP: 7/7
  3917 | D:4      | Identified a scroll of acquirement
  3917 | D:4      | Acquired 1128 gold pieces
  3940 | D:5      | Entered Level 5 of the Dungeon
  3940 | D:5      | Found Jogeariu's Distillery.
  3974 | D:5      | Bought a potion of cancellation for 80 gold pieces
  3974 | D:5      | Bought 2 potions of curing for 60 gold pieces
  3974 | D:5      | Bought a potion of haste for 100 gold pieces
  3974 | D:5      | Bought a potion of curing for 30 gold pieces
  3974 | D:5      | Bought a potion of cancellation for 80 gold pieces
  3974 | D:5      | Bought a potion of degeneration for 10 gold pieces
  3995 | D:5      | Found Jyuhysme's Distillery.
  4008 | D:5      | Bought a potion of heal wounds for 70 gold pieces
  4008 | D:5      | Bought a potion of ambrosia for 112 gold pieces
  4008 | D:5      | Bought a potion of haste for 140 gold pieces
  4008 | D:5      | Bought a potion of curing for 42 gold pieces
  4008 | D:5      | Bought a potion of attraction for 42 gold pieces
  4008 | D:5      | Bought a potion of curing for 42 gold pieces
  4094 | D:5      | Found Ogelunk's Antique Armour Shop.
  4160 | D:5      | Reached * piety under Hepliaklqana
  4501 | D:5      | Reached skill level 6 in Polearms
  4501 | D:5      | Reached XP level 8. HP: 53/54 MP: 8/8
  4952 | D:6      | Found a hide-covered altar of Uskayaw.
  5129 | D:6      | Reached ** piety under Hepliaklqana
  5130 | D:6      | Remembered your ancestor Nenetl as a battlemage
  5289 | D:6      | Reached skill level 5 in Dodging
  5289 | D:6      | Reached skill level 1 in Invocations
  5446 | D:6      | Found a shimmering altar of Xom.
  5449 | D:6      | Found a shadowy altar of Dithmenos.
  5635 | D:7      | Reached skill level 5 in Fighting
  5650 | D:7      | Reached skill level 7 in Polearms
  5847 | D:6      | Gained mutation: You sometimes emit foul miasma when
                  | damaged in melee. [demonic ancestry]
  5847 | D:6      | Reached XP level 9. HP: 25/61 MP: 11/11
  6078 | D:7      | Found a transporter.
  6096 | D:7      | Identified the ring "Meolies" {Fire rN+}
  6104 | D:7      | Noticed a cyan ugly thing
  6105 | D:7      | Found a transporter.
  6105 | D:7      | Noticed diceflayer's ghost (novice DsFi)
  6175 | D:7      | Found Giakh's Antique Weapon Shop.
  6238 | D:7      | Found a one-way gate to the infinite horrors of the Abyss.
  6390 | D:5      | Bought a twisted troll leather armour for 560 gold pieces
  6390 | D:5      | Identified the +2 troll leather armour of the Vestibule of
                  | Hell {Regen+ Str+5 Slay+2} (You bought it in a shop on
                  | level 5 of the Dungeon)
  6522 | D:8      | Noticed an eight-headed hydra
  6530 | D:8      | Killed an eight-headed hydra
  6531 | D:8      | Reached skill level 8 in Polearms
  6531 | D:8      | Reached skill level 5 in Armour
  6818 | D:8      | Reached skill level 5 in Invocations
  7091 | D:9      | Gained mutation: A meltable icy envelope protects you from
                  | harm. (AC +8) [demonic ancestry]
  7091 | D:9      | Reached XP level 10. HP: 69/69 MP: 12/14
  7161 | D:9      | Reached *** piety under Hepliaklqana
  7164 | D:9      | Found a blossoming altar of Fedhas.
  7218 | D:9      | Found Jiun's Firing Range.
  7618 | D:10     | Entered Level 10 of the Dungeon
  7692 | D:10     | Reached skill level 9 in Polearms
  7742 | D:10     | Found a portal to a secret trove of treasure.
  8083 | D:10     | Reached **** piety under Hepliaklqana
  8526 | D:11     | Noticed a skeletal warrior
  8526 | D:11     | Noticed a skeletal warrior
  8526 | D:11     | Noticed a skeletal warrior
  8526 | D:11     | Noticed a skeletal warrior
  8526 | D:11     | Noticed a skeletal warrior
  8533 | D:10     | Killed a skeletal warrior
  8636 | D:11     | Noticed a boulder beetle
  8645 | D:11     | Killed a boulder beetle
  8646 | D:11     | Reached XP level 11. HP: 67/75 MP: 16/16
  8691 | D:11     | Killed a skeletal warrior
  8692 | D:11     | Reached skill level 10 in Polearms
  8714 | D:11     | Killed a skeletal warrior
  8721 | D:11     | Killed a skeletal warrior
  8887 | D:11     | Killed a skeletal warrior
  9100 | D:11     | Found a staircase to the Lair.
  9173 | D:11     | Noticed a two-headed ogre
  9179 | D:11     | Killed a two-headed ogre
  9200 | D:11     | Noticed an eight-headed hydra
  9210 | D:11     | Killed a ten-headed hydra
  9443 | D:12     | Found a staircase to the Orcish Mines.
  9443 | D:12     | Noticed an eight-headed hydra
  9444 | D:12     | Noticed an eight-headed hydra
  9512 | D:11     | Killed an eight-headed hydra
  9547 | D:12     | Noticed a four-headed hydra
  9554 | D:12     | Killed a four-headed hydra
  9555 | D:12     | Reached skill level 11 in Polearms
  9723 | D:12     | Killed an eight-headed hydra
  9724 | D:12     | Gained mutation: You have very sharp fingernails. [demonic
                  | ancestry]
  9724 | D:12     | Reached XP level 12. HP: 75/84 MP: 18/18
  9801 | D:12     | Noticed an eight-headed hydra
  9807 | D:12     | Killed a nine-headed hydra
  9997 | D:12     | Reached ***** piety under Hepliaklqana
 10295 | D:13     | Noticed a centaur warrior
 10303 | D:13     | Killed a centaur warrior
 10399 | D:13     | Found a hide-covered altar of Uskayaw.
 10410 | D:13     | Identified the +12 trident "Sovor" {antimagic, rN+}
 10440 | D:13     | Reached skill level 12 in Polearms
 10445 | D:13     | Reached skill level 10 in Invocations
 10475 | D:13     | Noticed a centaur warrior
 10483 | D:13     | Killed a centaur warrior
 10491 | D:13     | Noticed a centaur warrior
 10505 | D:13     | Killed a centaur warrior
 10588 | D:13     | Noticed a six-headed hydra
 10595 | D:13     | Killed a six-headed hydra
 10927 | D:14     | Found a gate to the Vaults.
 10981 | D:14     | Gained mutation: A meltable icy envelope protects you from
                  | harm. (AC +8) [demonic ancestry]
 10981 | D:14     | Reached XP level 13. HP: 86/90 MP: 6/20
 11388 | D:14     | Reached skill level 1 in Shields
 11550 | D:14     | Reached skill level 10 in Fighting
 11734 | D:15     | Entered Level 15 of the Dungeon
 11870 | D:15     | Reached skill level 13 in Polearms
 11980 | D:15     | Found a staircase to the Depths.
 12116 | D:15     | Found a hazy altar of Hepliaklqana.
 12617 | Lair:1   | Entered Level 1 of the Lair of Beasts
 12634 | Lair:1   | Noticed Gastronok
 12643 | Lair:1   | Killed Gastronok
 12847 | Lair:1   | Found the macabre finger necklace {rN+}
 12950 | Lair:1   | Gained mutation: You have claws for hands. [demonic
                  | ancestry]
 12950 | Lair:1   | Reached XP level 14. HP: 85/99 MP: 7/22
 13329 | Lair:1   | Noticed Grum
 13335 | Lair:1   | Killed Grum
 13508 | Lair:2   | Reached skill level 10 in Dodging
 13530 | Lair:2   | Noticed Amaemon
 13543 | Lair:2   | Killed Amaemon
 13558 | Lair:2   | Noticed Urug
 13568 | Lair:2   | Killed Urug
 13652 | Lair:2   | Reached ****** piety under Hepliaklqana
 13711 | Lair:2   | Found a hole to the Spider Nest.
 14199 | Lair:3   | Reached skill level 1 in Stealth
 14202 | Lair:3   | Reached skill level 14 in Polearms
 14438 | Lair:3   | Noticed Rupert
 14440 | Lair:3   | Paralysed by Rupert for 5 turns
 14452 | Lair:3   | Killed Rupert
 14754 | Lair:3   | Found a staircase to the Swamp.
 15012 | Lair:4   | Found a staircase to the Slime Pits.
 15013 | Lair:4   | Found a viscous altar of Jiyva.
 15507 | Lair:5   | Entered Level 5 of the Lair of Beasts
 15641 | Lair:5   | Reached skill level 10 in Armour
 15651 | Lair:5   | Identified the ring of Banerch {rC+ Will+ Int+4}
 15703 | Lair:5   | Noticed Snorg
 15712 | Lair:5   | Killed Snorg
 15720 | Lair:5   | Found a dark tunnel.
 15725 | Volcano  | Entered a volcano
 16087 | Lair:5   | Gained mutation: You are mostly covered in thin metallic
                  | scales. (AC +3) [demonic ancestry]
 16087 | Lair:5   | Reached XP level 15. HP: 84/107 MP: 8/24
 16283 | Lair:5   | Reached skill level 5 in Shields
 16331 | Lair:5   | Reached skill level 5 in Stealth
 17253 | Orc:1    | Entered Level 1 of the Orcish Mines
 17969 | Orc:2    | Entered Level 2 of the Orcish Mines
 18171 | Orc:2    | Paralysed by an orc sorcerer for 5 turns
 18184 | Orc:2    | Noticed an orc warlord
 18227 | Orc:2    | Killed an orc warlord
 18228 | Orc:2    | Reached skill level 15 in Polearms
 18266 | Orc:2    | Found Zoegegas's Antique Weapon Emporium.
 18295 | Orc:2    | Found Cizovo's Antique Armour Emporium.
 18347 | Orc:2    | Found a staircase to the Elven Halls.
 18607 | Orc:2    | Found Hychou's General Store.
 18613 | Orc:2    | Bought a scroll of magic mapping for 82 gold pieces
 18622 | Orc:2    | Found Xocaishri's Book Emporium.
 18629 | Orc:2    | Bought a manual of Armour for 1120 gold pieces
 18645 | Orc:2    | Bought a smoking chain mail for 275 gold pieces
 18645 | Orc:2    | Identified the +1 chain mail of the Hippo {rElec rPois rN++
                  | Str-2} (You bought it in a shop on level 2 of the Orcish
                  | Mines)
 18661 | Orc:2    | Bought a scorched trident for 178 gold pieces
 18661 | Orc:2    | Identified the +8 trident "Goblinslayer" {vorpal, rPois}
                  | (You bought it in a shop on level 2 of the Orcish Mines)
 19131 | Spider:1 | Entered Level 1 of the Spider Nest
 19153 | Spider:1 | Found a transporter.
 19596 | Spider:1 | Found a transporter.
 19650 | Spider:1 | Noticed an emperor scorpion
 19681 | Spider:1 | Identified the +9 scale mail "Nyne Wyf" {Harm +Blink Will-}
 20049 | Spider:2 | Gained mutation: You are completely covered in thin
                  | metallic scales. (AC +4, rElec) [demonic ancestry]
 20049 | Spider:2 | Reached XP level 16. HP: 114/114 MP: 8/26
 20065 | Spider:2 | Mangled by a pharaoh ant

Illustrated notes

Levels and vault maps discovered:
D:1:      ncdulo_halloftheorcs, layout_basic,
          hellmonk_ecumenical_altar_pennies_from_heaven
D:2:      wad_river_or_something, layout_loops_ring, basic_altar, st_stairs_2
D:3:      layout_loops_ring, general_overflow_altar, uniq_grinder
D:4:      layout_loops_cross, nicolae_gozag_cash_rules_everything_around_me,
          minmay_temple_entry_stoned_glass
D:5:      layout_gridville, serial_shops, nicolae_shop_hallway_stairs,
          nicolae_stop_n_shop_1, shop_statue
D:6:      layout_loops_ring, nicolae_overflow_hidden_temple, minitemple,
          mainiacjoe_overflow_surrounded_room
D:7:      layout_basic, gammafunk_ghost_abyssal_escape, serial_shops, shop,
          st_stairs_1
D:8:      layout_basic
D:9:      layout_basic, fedhas_altar_1, nicolae_shop_firing_range
D:10:     layout_basic, nicolae_trove_entry_crossroad
D:11:     layout_loops_ring, david_lair_shrubbed
D:12:     layout_cave_pools, minmay_orc_entry_guard_dogs
D:13:     layout_loops_cross, eat_drink_and_be_merry_uskayaw
D:14:     layout_loops_ring, erik_vaults_1, minivault_16, nzn_life_drinkers
D:15:     grunt_enter_depths_magical_seal, layout_irregular_city,
          nicolae_hepliaklqana_hippocampus, hive_lemuel
Temple:   hellmonk_temple_divided_pantheon
Lair:1:   layout_loops_ring, st_stairs_12, grunt_megastairs_4,
          serial_bayou_shore_b, infiniplex_staircase_pool, uniq_grum,
          uniq_gastronok
Lair:2:   layout_long_grid, hellmonk_spider_entry_not_the_bees, uniq_amaemon,
          uniq_urug
Lair:3:   layout_chaotic_city, nicolae_swamp_entry_splash_gauntlet,
          nicolae_lair_lindhole, serial_bayou_shore_b, grunt_megastairs_2,
          uniq_rupert
Lair:4:   layout_long_grid, slime_entry_1, kennysheep_abandoned_house,
          lemuel_fruit_fields
Lair:5:   minmay_lair_end_enchanted_forest, layout_hall_layers, enter_volcano_4,
          st_stairs_10, uniq_snorg
Spider:1: gammafunk_sealed_arena, nicolae_spider_paper_wasps
Spider:2: layout_spider_delve, ebering_ghost_xom, drop_trap
Orc:1:    layout_diamond_mine, nicolae_orc_sculptors_studio
Orc:2:    grunt_orc_cross, layout_diamond_mine

Skill      XL: |  1  2  3  4  5  6  7  8  9 10 11 12 13 14 15 |
---------------+----------------------------------------------+-----
Polearms       | 3 4 5 6 7 8 9 11 12 13 14 15 | 15.4
Armour         | 1 2 3 4 5 6 7 8 9 10 11 | 11.0
Dodging        | 3 4 5 6 7 8 9 10 11 | 11.2
Fighting       | 3 4 5 6 7 8 9 10 11 12 | 12.0
Invocations    | 3 5 7 9 10 11 12 13 | 13.9
Shields        | 3 4 6 |  6.3
Stealth        | 4 7 |  7.5
Throwing       | |  1.7

Action                   |  1- 3 |  4- 6 |  7- 9 | 10-12 | 13-15 | 16-18 || total
-------------------------+-------+-------+-------+-------+-------+-------++-------
Melee: Trident           |   141 |   201 |   225 |   138 |  1128 |    17 ||  1850
       Punch             |     1 |     2 |     6 |     2 |     1 |       ||    12
       Halberd           |       |       |    21 |   295 |       |       ||   316
Throw: Throwing net      |       |     1 |       |       |     1 |       ||     2
Invok: Ancestor Life: Ba |       |       |     1 |       |       |       ||     1
       Recall Ancestor   |       |       |     1 |       |     1 |       ||     2
Evoke: Wand              |       |       |       |       |     2 |       ||     2
  Use: Scroll            |     7 |     8 |     5 |     2 |     8 |       ||    30
       Potion            |       |       |       |     2 |     1 |       ||     3
 Stab: Sleeping          |     1 |       |       |     1 |     3 |       ||     5
       Held in net/web   |       |     1 |       |       |     2 |       ||     3
       Distracted        |       |       |     3 |     6 |    23 |       ||    32
Armor: Leather armour    |    53 |       |       |       |       |       ||    53
       Plate armour      |       |   111 |   123 |       |       |       ||   234
       Troll leather arm |       |       |    13 |   261 |   335 |    15 ||   624
Dodge: Dodged            |   102 |    51 |    83 |   358 |   361 |    13 ||   968
Block: Other             |       |    19 |    32 |    93 |     5 |       ||   149
       Tower shield      |       |       |       |       |   899 |    37 ||   936
